 Dungeon Crawl Stone Soup version 0.27-a0-333-gfa571bf19a (webtiles) character file.

Game seed: 5405088848565984049

261 Nattfarinn the Caller (level 6, -4/47 HPs)
             Began as a Barachi Summoner on Feb 11, 2021.
             Splashed by an orc wizard's acid (10 damage)
             ... on level 4 of the Dungeon on Feb 12, 2021.
             The game lasted 00:09:40 (4161 turns).

Nattfarinn the Caller (Barachi Summoner)            Turns: 4161, Time: 00:09:40

Health: -4/47      AC:  1    Str: 10    XL:     6   Next: 18%
Magic:  6/9        EV: 13    Int: 17    God:
Gold:   184        SH:  6    Dex: 12    Spells: 3/9 levels left

rFire    . . .     SeeInvis .   a - +0 hunting sling
rCold    . . .     Faith    .   m - +2 buckler
rNeg     . . .     Spirit   .   o - +0 robe
rPois    .         Reflect  .   (no helmet)
rElec    .         Harm     .   s - +0 cloak
rCorr    .         Rampage  .   w - +0 pair of gloves
Will     .....                  j - +0 pair of boots
Stlth    ++........             (no amulet)
HPRegen  0.15/turn              (no ring)
MPRegen  0.11/turn              (no ring)

@: corroded, slow
A: +LOS, swims, slowness 1, strong legs 1
a: Hop


You were on level 4 of the Dungeon.
You visited 1 branch of the dungeon, and saw 4 of its levels.

You collected 184 gold pieces.

Inventory:

Hand Weapons
 a - a +0 hunting sling (weapon)
 b - a +3 vorpal falchion
 r - a +0 short sword
Missiles
 c - 90 stones (quivered ammo)
 d - 18 poisoned darts
Armour
 j - a +0 pair of boots (worn)
 m - a +2 buckler (worn)
 o - a +0 robe (worn)
 s - a +0 cloak (worn)
 w - a +0 pair of gloves (worn)
Jewellery
 u - a ring of flight {unknown}
Scrolls
 f - 3 scrolls of amnesia {unknown}
 g - a scroll of random uselessness {unknown}
 l - 2 scrolls of fear {unknown}
 q - 2 scrolls of teleportation {unknown}
 t - 2 scrolls of immolation {unknown}
 v - 2 scrolls of identify {unknown}
 x - 2 scrolls of enchant armour {unknown}
 y - a scroll of blinking {unknown}
Potions
 e - a potion of attraction {unknown}
 h - a potion of brilliance {unknown}
 i - a potion of curing
 k - a potion of flight {unknown}
 n - a potion of lignification {unknown}
 p - 2 potions of cancellation {unknown}
 z - a potion of invisibility {unknown}


   Skills:
 + Level 3.3 Fighting
 - Level 3.9 Armour
 - Level 3.3 Dodging
 - Level 1.7 Stealth
 * Level 2.6 Shields
 - Level 2.2 Spellcasting
 - Level 5.0 Summonings


You had 3 spell levels left.
You knew the following spells:

 Your Spells              Type           Power        Failure   Level
a - Summon Small Mammal   Summ           72%          3%          1
b - Call Imp              Summ           18%          4%          2
c - Call Canine Familiar  Summ           18%          9%          3

Your spell library contained the following spells:

 Spells                   Type           Power        Failure   Level
 Magic Dart               Conj           4%           22%         1
 Summon Guardian Golem    Hex/Summ       10%          24%         3
 Blink                    Tloc           N/A          34%         2
 Slow                     Hex            1%           34%         2
 Conjure Flame            Conj/Fire      1%           56%         3
 Mephitic Cloud           Conj/Pois/Air  1%           56%         3
 Summon Ice Beast         Ice/Summ       10%          63%         4
 Summon Lightning Spire   Summ/Air       10%          63%         4


Dungeon Overview and Level Annotations

Branches:
Dungeon (4/15)
 Temple: D:4-7

Altars:
Dithmenos
Qazlal

Annotations:
D:2 1 runed translucent door, Crazy Yiuf


Innate Abilities, Weirdness & Mutations

You can be seen from farther away. (+LOS)
You can swim through water.
You cover ground slowly.
You can hop short distances.


Message History

c - 92 stones (gained 1)
c - 93 stones (gained 1)
An orc wizard comes into view.
It is wielding a +0 dagger and carrying a wand of acid (11).
You see here 2 stones.
Casting: Call Canine Familiar (dangerous; 9% risk of failure)
Confirm with . or Enter, or press ? or * to list all spells.
The orc wizard shouts!
You hear a shout!
You shoot a stone.
The stone closely misses the orc wizard.
You hear a splash.
Really fire in your hound's direction?
Okay, then.
An orc wizard comes into view. It is wielding a +0 dagger.
Your hound splashes around in the water.
The orc wizard moves out of view.
Really fire in your hound's direction?
Okay, then.
Your hound bites the orc wizard.
Your hound splashes around in the water.
The orc wizard zaps a wand.
The bolt of acid hits you!! The acid corrodes you!
You are splashed with acid!
You are too injured to fight recklessly!
Fire: 92 stones
Press: ? - help, Q - select action, (/) - cycle Shift-Dir - straight line, f/p - orc wizard
Aim: an orc wizard, wielding a +0 dagger, wearing a +0 robe and carrying a wand of acid (10) (moderately wounded, ally target, 50% to hit)
You shoot a stone. The stone hits the orc wizard.
The orc wizard is moderately wounded.
Your hound bites the orc wizard. x2
Fire: 91 stones
Press: ? - help, Q - select action, (/) - cycle Shift-Dir - straight line, f/p - orc wizard
Aim: an orc wizard, wielding a +0 dagger, wearing a +0 robe and carrying a wand of acid (10) (almost dead, ally target, 50% to hit)
You shoot a stone. The stone misses the orc wizard.
You hear a splash.
Your hound barely misses the orc wizard.
Your hound misses the orc wizard.
The orc wizard zaps a wand.
The bolt of acid hits you!
* * * LOW HITPOINT WARNING * * *
You are splashed with acid!
You die...

#... . #...# .#
#....# #≈# .
#...##♣##.≈#≈≈
#....#≈#.≈≈.≈( .##
#....(♣.≈.≈.≈.
.<..#.....(h≈o..((
#........≈o♣.≈#.≈
#####...@≈♣.(≈(≈.
##..#..♣#≈.(#
##..#...# ≈.#
#..###..# .. ##.##
#.# . #..# ..
###†## ### #..†##
#...##.)###


You could see 2 orc wizards and a friendly hound (summoned).

Vanquished Creatures
  An orc priest (D:3)
  An iguana (D:4)
  A leopard gecko (D:4)
  3 orcs (D:4)
  5 bats
  A giant cockroach (D:4)
  5 goblins
  3 hobgoblins
  2 kobolds
  A frilled lizard (D:2)
  A leopard gecko skeleton (D:4)
  4 rats
28 creatures vanquished.

Vanquished Creatures (collateral kills)
  Sigmund (D:2)
  Jessica (D:2)
  Terence (D:2)
  2 orc wizards
  An adder (D:2)
  An ooze (D:1)
  6 dart slugs
  11 orcs
  A bat (D:2)
  A giant cockroach (D:1)
  A hobgoblin (D:1)
  A frilled lizard (D:1)
  2 rats (D:1)
30 creatures vanquished.

Grand Total: 58 creatures vanquished

Notes
Turn   | Place    | Note
-------+----------+-------------------------------------------
     0 | D:1      | Nattfarinn the Barachi Summoner began the quest for the
                  | Orb.
     0 | D:1      | Reached XP level 1. HP: 13/13 MP: 3/3
   469 | D:1      | Reached skill level 1 in Armour
   469 | D:1      | Reached XP level 2. HP: 18/20 MP: 3/5
   470 | D:1      | Reached skill level 5 in Summonings
   820 | D:1      | Learned a level 2 spell: Call Imp
   846 | D:1      | Reached skill level 1 in Fighting
  1148 | D:1      | Reached XP level 3. HP: 26/26 MP: 6/6
  1234 | D:2      | Noticed Sigmund
  1376 | D:2      | Found a shadowy altar of Dithmenos.
  1389 | D:2      | Noticed Terence
  1395 | D:2      | Killed Terence
  1513 | D:2      | Noticed Jessica
  1518 | D:2      | Killed Jessica
  1519 | D:2      | Reached XP level 4. HP: 33/33 MP: 0/7
  1861 | D:2      | Killed Sigmund
  1862 | D:2      | Reached XP level 5. HP: 18/39 MP: 2/8
  1865 | D:2      | Learned a level 3 spell: Call Canine Familiar
  2050 | D:2      | Found a runed translucent door.
  2051 | D:2      | Noticed Crazy Yiuf
  2849 | D:3      | Reached skill level 1 in Shields
  2861 | D:3      | Upgraded the game from 0.27-a0-328-g7f782ed93a to
                  | 0.27-a0-333-gfa571bf19a
  3672 | D:4      | Reached XP level 6. HP: 25/47 MP: 3/9
  3853 | D:4      | Found a stormy altar of Qazlal.
  4161 | D:4      | Splashed by an orc wizard's acid

Illustrated notes

Levels and vault maps discovered:
D:1:      doesnt_arrival_eight_statues, layout_rooms
D:2:      layout_loops_ring, nicolae_overflow_hidden_temple, old_standard_altar,
          minmay_tiny_reverse_x, uniq_jessica, uniq_crazy_yiuf_cottage,
          uniq_sigmund, uniq_terence
D:3:      layout_basic, chequers_serial_rivers_small_3
D:4:      layout_layer_cave, nicolae_qazlal_eye_of_the_storm, serial_rivers,
          chequers_serial_rivers_marsh, chequers_serial_rivers_micro_c,
          chequers_serial_rivers_room_b, chequers_serial_rivers_micro_c

Skill      XL: |  1  2  3  4  5 |
---------------+----------------+-----
Armour         | 1 2 3 |  3.9
Summonings     | 5 |  5.0
Fighting       | 1 2 3 |  3.3
Dodging        | 3 |  3.3
Shields        | 2 |  2.6
Stealth        | |  1.7
Spellcasting   | |  2.2

Action                   |  1- 3 |  4- 6 || total
-------------------------+-------+-------++-------
Melee: Short sword       |    55 |       ||    55
       Unarmed           |     7 |       ||     7
       Falchion          |     1 |    14 ||    15
 Fire: Hunting sling     |       |    65 ||    65
 Cast: Summon Small Mamm |     9 |       ||     9
       Call Imp          |    12 |     4 ||    16
       Call Canine Famil |       |     6 ||     6
  Use: Potion            |       |     1 ||     1
 Stab: Sleeping          |       |     1 ||     1
Armor: Robe              |    29 |     5 ||    34
Dodge: Dodged            |    70 |    23 ||    93
Block: Buckler           |     2 |    12 ||    14
       Rpst.: Falchion   |       |     2 ||     2

Table legend: (Time is in decaauts)
 A = Elapsed time spent in this place.
 B = Non-inter-level travel time spent in this place.
 C = Inter-level travel time spent in this place.
 D = Time resting spent in this place.
 E = Time spent auto-exploring this place.
 F = Levels seen in this place.
 G = Mean time per level.
                   A        B        C        D        E       F      G
               +--------+--------+--------+--------+--------+-----+--------+
         Total |   4597 |   4324 |    273 |   1286 |   2382 |   4 | 1149.2 |
       Dungeon |   4597 |   4324 |    273 |   1286 |   2382 |   4 | 1149.2 |
               +--------+--------+--------+--------+--------+-----+--------+

Top non-repeatable levels by time:
     D:2: 1583 daAuts
     D:1: 1401 daAuts
     D:3: 1057 daAuts
     D:4: 555 daAuts
